 Dungeon Crawl Stone Soup version 0.22-a0-469-gf26638a (webtiles) character file.

1375 4thArraOfDagon the Carver (level 8, -5/71 HPs)
             Began as a Minotaur Monk on June 13, 2018.
             Was a Priest of Cheibriados.
             Slain by ThisFiasco's ghost (21 damage)
             ... on level 6 of the Dungeon.
             The game lasted 00:07:43 (1622 turns).

4thArraOfDagon the Carver (Minotaur Monk)           Turns: 1622, Time: 00:07:44

Health: -5/71      AC:  5    Str: 24    XL:     8   Next: 39%
Magic:  0/8        EV: 12    Int: 16    God:    Cheibriados [***...]
Gold:   121        SH:  0    Dex: 19    Spells: 7/7 levels left

rFire    . . .     SeeInvis .   a - +0 falchion
rCold    . . .     Gourm    .   (no shield)
rNeg     . . .     Faith    .   k - +0 chain mail
rPois    .         Spirit   .   q - +1 hat
rElec    .         Reflect  .   (no cloak)
rCorr    .         Harm     .   (no gloves)
MR       +....                  (no boots)
Stlth    ..........             (no amulet)
HPRegen  0.21/turn              l - ring of stealth
MPRegen  0.11/turn              d - ring of protection from magic

@: corroded, very slow
A: retaliatory headbutt, horns 2, sense surroundings 1, MP-powered wands
a: Bend Time, Temporal Distortion, Renounce Religion


You were on level 6 of the Dungeon.
You worshipped Cheibriados.
Cheibriados was most pleased with you.
You were hungry.

You visited 2 branches of the dungeon, and saw 7 of its levels.

You collected 121 gold pieces.

Inventory:

Hand Weapons
 a - a +0 falchion (weapon)
Armour
 b - a +0 robe
 k - a +0 chain mail (worn)
 q - a +1 hat (worn)
Jewellery
 d - a ring of protection from magic (right hand)
 l - a ring of stealth (left hand)
Wands
 j - a wand of flame (22)
Scrolls
 e - 2 scrolls of random uselessness {unknown}
 h - 3 scrolls of remove curse
 i - 6 scrolls of identify {unknown}
 n - a scroll of amnesia {unknown}
 o - a scroll of fear {unknown}
 p - a scroll of enchant armour {unknown}
Potions
 f - a potion of mutation
 g - a potion of cancellation {unknown}
 m - a potion of magic {unknown}
Comestibles
 c - 5 rations


   Skills:
 + Level 6.9 Fighting
 * Level 9.2 Long Blades
 + Level 6.3 Dodging
 - Level 1.5 Stealth
 + Level 2.5 Invocations


You had 7 spell levels left.
You didn't know any spells.
Your spell library was empty.

Dungeon Overview and Level Annotations

Branches:
Dungeon (6/15)             Temple (1/1) D:5

Altars:
Cheibriados
Dithmenos
Elyvilon
Fedhas
Kikubaaqudgha
Makhleb
Nemelex Xobeh
Sif Muna
Trog
Wu Jian
Xom
Yredelemnul
Zin
The Shining One

Annotations:
D:6 ThisFiasco's ghost, novice DsMo


Innate Abilities, Weirdness & Mutations

You reflexively headbutt those who attack you in melee.
You have a pair of horns on your head.
You passively map a small area around you.
You expend magic power (3 MP) to strengthen your wands.


Message History

Unknown command.
Unknown command.
Unknown command.
Unknown command.
Unknown command.
Unknown command.
Welcome back, 4thArraOfDagon the Minotaur Monk.
Cheibriados says: Take it easy.
Press ? for a list of commands and other information.
There is a stone staircase leading down here.
You warp the flow of time around you!
You are feeling hungry.
You climb downwards.
Level annotation: ThisFiasco's ghost, novice DsMo ThisFiasco's ghost misses you.
You riposte.
You closely miss ThisFiasco's ghost.
There is a stone staircase leading up here.
Unknown command.
ThisFiasco's ghost hits you!!
You die...

######..#####.## * ,
#...# #[# ### ,⌠
#.#.####.####..#
#..............## , #
#...............### #.
##.....(...........##.##
*
,........................
,
###..............!......
.......@W...............
,
.##.....<...............
#..................<%..
#.#.................... ,
, ..
##.....#......#.....? .
####......###....... *
*##..#..##.....W.. *
.........#.##... * * ,
......###. .#.


You could see ThisFiasco's ghost.

Vanquished Creatures
  The ghost of KristoblXynda the Ruffian, an amateur TrWz (D:5)
  An ice beast (D:6)
  A sky beast (D:5)
  2 ogres (D:3)
  A necrophage (D:5)
  2 bullfrogs
  A water moccasin skeleton (D:5)
  A howler monkey (D:4)
  2 crimson imps
  An orc priest (D:6)
  2 hounds
  A bullfrog zombie (D:5)
  2 orc wizards (D:6)
  5 worker ants
  A hound zombie (D:5)
  4 adders
  4 worms
  A dart slug (D:2)
  3 leopard geckos
  9 orcs
  5 bats
  2 giant cockroaches
  12 goblins
  4 hobgoblins
  A quokka (D:5)
  A ball python (D:4)
  3 frilled lizards
  A jackal skeleton (D:4)
  7 kobolds
  A leopard gecko zombie (D:5)
  3 rats
85 creatures vanquished.

Notes
Turn   | Place    | Note
-------+----------+-------------------------------------------
     0 | D:1      | 4thArraOfDagon the Minotaur Monk began the quest for the Orb.
     0 | D:1      | Reached XP level 1. HP: 19/19 MP: 0/0
   169 | D:2      | Reached skill level 4 in Long Blades
   172 | D:2      | Reached XP level 2. HP: 24/27 MP: 1/1
   182 | D:2      | Found a shadowy altar of Dithmenos.
   254 | D:2      | Reached XP level 3. HP: 28/33 MP: 2/2
   371 | D:4      | Reached skill level 5 in Long Blades
   371 | D:4      | Reached XP level 4. HP: 32/41 MP: 3/3
   420 | D:4      | Reached XP level 5. HP: 25/47 MP: 4/4
   489 | D:5      | Entered Level 5 of the Dungeon
   498 | D:5      | Noticed a sky beast
   521 | D:5      | Killed a sky beast
   521 | D:5      | Reached skill level 5 in Fighting
   521 | D:5      | Reached skill level 6 in Long Blades
   521 | D:5      | Reached XP level 6. HP: 28/56 MP: 5/5
   552 | D:5      | Gained mutation: You expend magic power (3 MP) to strengthen your wands. [potion of mutation]
   552 | D:5      | Gained mutation: You passively map a small area around you. [potion of mutation]
   572 | D:5      | Found a staircase to the Ecumenical Temple.
   580 | D:5      | Reached skill level 7 in Long Blades
   580 | D:5      | Reached skill level 5 in Dodging
   581 | D:5      | Noticed KristoblXynda's ghost (amateur TrWz)
   583 | Temple   | Entered the Ecumenical Temple
   592 | Temple   | Became a worshipper of Cheibriados the Contemplative
   592 | Temple   | Reached * piety under Cheibriados
   592 | Temple   | Reached ** piety under Cheibriados
   704 | D:5      | Killed KristoblXynda's ghost
   704 | D:5      | Reached XP level 7. HP: 17/63 MP: 6/6
   794 | D:6      | Noticed ThisFiasco's ghost (novice DsMo)
   999 | D:3      | Reached skill level 8 in Long Blades
  1170 | D:3      | Reached skill level 1 in Invocations
  1328 | D:4      | Reached *** piety under Cheibriados
  1384 | D:4      | Found a burning altar of Makhleb.
  1540 | D:6      | Reached XP level 8. HP: 71/71 MP: 8/8
  1590 | D:6      | Reached skill level 9 in Long Blades
  1622 | D:6      | Slain by ThisFiasco's ghost

Vault maps used:
D:1:      onia_arrival_handbag
D:2:      nicolae_dithmenos_shadow_blocks, first_ration, uniq_jessica
D:3:      minmay_ogre_servants
D:4:      makhleb_heckhound_becter, uniq_crazy_yiuf_cottage
D:5:      minmay_temple_entry_large_hall, eino_small_chamber_without_monster
D:6:      lemuel_ratsnest, grunt_qazlal_clouds, gammafunk_temple_overflow_pools,
          nicolae_ashenzari_panopticon
Temple:   cyrus_circular_temple

Skill      XL: |  1  2  3  4  5  6  7  8 |
---------------+-------------------------+-----
Long Blades    | 4 5 6 7 8 9 |  9.2
Fighting       | 4 5 6 |  6.9
Dodging        | 4 5 6 |  6.3
Invocations    | 1 2 |  2.5
Stealth        | |  1.5

Action                   |  1- 3 |  4- 6 |  7- 9 || total
-------------------------+-------+-------+-------++-------
Melee: Falchion          |    49 |    72 |   101 ||   222
       Headbutt          |    10 |    11 |    37 ||    58
Invok: Temporal Distorti |       |       |     2 ||     2
Evoke: Wand              |       |       |     1 ||     1
  Use: Scroll            |     1 |     2 |       ||     3
       Potion            |       |     5 |       ||     5
 Stab: Sleeping          |     1 |       |       ||     1
  Eat: Chunk             |       |       |     1 ||     1
Armor: Robe              |     7 |       |       ||     7
       Chain mail        |     6 |    33 |    52 ||    91
       Skin              |       |     3 |       ||     3
Dodge: Dodged            |    36 |    23 |    64 ||   123
       Rpst.: Falchion   |     7 |     7 |    11 ||    25

Table legend:
 A = Spawn XP
 B = Non-spawn XP
 C = Spawn XP percentage of total XP
 D = Spawn monster count
 E = Non-spawn monster count
 F = Spawn count percentage of total count
 G = Total turns spent on level
                    A         B        C        D         E        F      G
               +---------+---------+-------+---------+---------+-------+---------
         Total |       0 |    1965 |   0.0 |       0 |      85 |   0.0 |  1622
               +---------+---------+-------+---------+---------+-------+---------
           D:1 |       0 |       1 |   0.0 |       0 |       1 |   0.0 |    12
           D:2 |       0 |      53 |   0.0 |       0 |      19 |   0.0 |   303
           D:3 |       0 |     316 |   0.0 |       0 |      26 |   0.0 |   349
           D:4 |       0 |     283 |   0.0 |       0 |      15 |   0.0 |   364
           D:5 |       0 |     865 |   0.0 |       0 |      13 |   0.0 |   391
           D:6 |       0 |     447 |   0.0 |       0 |      11 |   0.0 |    94
               +---------+---------+-------+---------+---------+-------+---------
